 Dungeon Crawl Stone Soup version 0.25.1-2-g60ff931df9 (webtiles) character file.

Game seed: 12606083874641364807

454 Allula97 the Ruffian (level 6, -8/51 HPs)
             Began as a Draconian Transmuter on Nov 12, 2020.
             Shot with an arrow by a centaur (13 damage)
             ... on level 4 of the Dungeon.
             The game lasted 00:14:32 (2955 turns).

Allula97 the Ruffian (Draconian Transmuter)         Turns: 2955, Time: 00:14:33

Health: -8/51      AC:  6    Str: 14    XL:     6   Next: 76%
Magic:  9/10       EV: 13    Int: 14    God:
Gold:   177        SH:  0    Dex: 11    Spells: 6/11 levels left

rFire    . . .     SeeInvis .     - Unarmed
rCold    . . .     Gourm    .   (no shield)
rNeg     + . .     Faith    +   (armour unavailable)
rPois    .         Spirit   .   (helmet restricted)
rElec    .         Reflect  .   (no cloak)
rCorr    .         Harm     .   (no gloves)
MR       .....                  (no boots)
Stlth    ++........             q - amulet of faith
HPRegen  0.17/turn              l - ring of positive energy
MPRegen  0.12/turn              (no ring)

@: appendage
A: unfitting armour, horns 2, cold-blooded, AC +6
a: End Transformation


You were on level 4 of the Dungeon.
You were not hungry.
You had grown temporary horns.
You visited 1 branch of the dungeon, and saw 4 of its levels.

You collected 177 gold pieces.

Inventory:

Missiles
 a - 127 arrows
 i - 20 poisoned darts (quivered)
Jewellery
 l - a ring of positive energy (left hand)
 q - an amulet of faith (around neck)
Wands
 k - a wand of iceblast (7)
 s - a wand of polymorph (3)
Scrolls
 b - a scroll of immolation {unknown}
 d - 4 scrolls of teleportation
 e - 3 scrolls of remove curse {unknown}
 f - a scroll of blinking {unknown}
 g - a scroll of fear {unknown}
 j - a scroll of enchant armour {unknown}
 m - a scroll of fog {unknown}
 n - 3 scrolls of identify
 o - a scroll of amnesia {unknown}
Potions
 p - a potion of brilliance {unknown}
 r - a potion of might
 t - a potion of resistance {unknown}
Comestibles
 c - 7 rations
 h - 6 chunks of flesh


   Skills:
 * Level 3.0 Fighting
 + Level 2.8 Dodging
 + Level 1.4 Stealth
 * Level 5.3 Unarmed Combat
 * Level 3.3 Spellcasting
 * Level 0.7 Conjurations
 + Level 2.7 Transmutations
 + Level 0.2 Evocations


You had 6 spell levels left.
You knew the following spells:

 Your Spells              Type           Power        Failure   Level  Hunger
a - Beastly Appendage     Tmut           #.....       7%          1    #......
b - Magic Dart            Conj           #...         16%         1    #......
c - Mephitic Cloud        Conj/Pois/Air  #.......     50%         3    ###....

Your spell library contained the following spells:

 Spells                   Type           Power        Failure   Level  Hunger
 Sticks to Snakes         Tmut           #.......     11%         2    ##.....
 Summon Small Mammal      Summ           #...         22%         1    #......
 Blink                    Tloc           N/A          32%         2    ##.....
 Call Imp                 Summ           #.......     32%         2    ##.....
 Slow                     Hex            #.......     32%         2    ##.....
 Spider Form              Tmut/Pois      #.........   34%         3    ###....
 Conjure Flame            Conj/Fire      #.......     47%         3    ###....
 Call Canine Familiar     Summ           #.......     54%         3    ###....
 Summon Guardian Golem    Hex/Summ       #.......     54%         3    ###....
 Ice Form                 Ice/Tmut       #.......     75%         4    #####..
 Blade Hands              Tmut           #.........   88%         5    ######.
 Summon Ice Beast         Ice/Summ       #.......     91%         4    #####..
 Summon Lightning Spire   Summ/Air       #.......     91%         4    #####..


Dungeon Overview and Level Annotations

Branches:
Dungeon (4/15)
 Temple: D:4-7

Altars:
Cheibriados
Dithmenos
Sif Muna


Innate Abilities, Weirdness & Mutations

Your plain brown scales are hard. (AC +6)
You cannot fit into any form of body armour.
You are cold-blooded and may be slowed by cold attacks.
You have a pair of horns on your head.


Message History

The centaur shouts!
You hear a shout!
The centaur wields a +0 shortbow.
The centaur shoots an arrow.
The arrow hits you.
You see here an arrow.
The centaur shoots an arrow.
The arrow misses you.
The centaur shoots an arrow.
The arrow hits you!
You see here an arrow.
The centaur shoots an arrow.
The arrow hits you.
The centaur shoots an arrow.
The arrow hits you!
* * * LOW HITPOINT WARNING * * *
Found a stone staircase leading down.
You see here 2 arrows.
Casting: Beastly Appendage (safe; 7% risk of failure)
Confirm with . or Enter, or press ? or * to list all spells.
You grow a pair of large bovine horns.
The centaur shoots an arrow.
The arrow hits you but does no damage.
The centaur shoots an arrow.
The arrow hits you!
* * * LOW HITPOINT WARNING * * *
The centaur shoots an arrow.
The arrow hits you!
You die...

#. .. .. #. .# ^..###.##.#
.#.#......# ...c..%...#
#........# ##...##...(.#
.#..##.....# .......##@## ##+##
#...##.##(# ##...## # #.#.##.##.#
##.....## # ##
#.#.##.##.###.......## ##
.#######.........##.........####.
..................'.........))...
.###########...####.........####.
....# #......>## ##.......## ##
###.# #.#####.## ##.....## #


You could see a centaur.

Vanquished Creatures
  Sigmund (D:3)
  Blork the orc (D:4)
  An orc priest (D:4)
  An orc wizard (D:4)
  A hound (D:4)
  A worker ant (D:3)
  A hound skeleton (D:4)
  A gnoll (D:1)
  An adder (D:2)
  2 oozes
  An adder skeleton (D:2)
  A worm (D:3)
  A dart slug (D:2)
  2 leopard geckos
  10 orcs (D:4)
  A ball python (D:1)
  5 bats
  3 giant cockroaches
  7 hobgoblins
  2 jackals (D:1)
  A frilled lizard (D:1)
  6 goblins
  9 kobolds
  7 rats
67 creatures vanquished.

Notes
Turn   | Place    | Note
-------+----------+-------------------------------------------
     0 | D:1      | Allula97 the Draconian Transmuter began the quest for the
                  | Orb.
     0 | D:1      | Reached XP level 1. HP: 16/16 MP: 3/3
   120 | D:1      | Reached XP level 2. HP: 17/23 MP: 5/5
   827 | D:1      | Reached XP level 3. HP: 28/28 MP: 6/6
  1041 | D:2      | Found a shimmering blue altar of Sif Muna.
  1353 | D:3      | Found a snail-covered altar of Cheibriados.
  1372 | D:3      | Reached skill level 4 in Unarmed Combat
  1372 | D:3      | Reached XP level 4. HP: 13/36 MP: 7/7
  1618 | D:3      | Found a shadowy altar of Dithmenos.
  1619 | D:3      | Noticed Sigmund
  1623 | D:3      | Killed Sigmund
  1623 | D:3      | Reached skill level 1 in Stealth
  1623 | D:3      | Reached skill level 5 in Unarmed Combat
  1623 | D:3      | Reached XP level 5. HP: 24/42 MP: 7/9
  1836 | D:3      | Learned a level 1 spell: Magic Dart
  1840 | D:3      | Learned a level 3 spell: Mephitic Cloud
  2263 | D:3      | Reached XP level 6. HP: 50/50 MP: 10/10
  2336 | D:4      | Noticed Blork the orc
  2350 | D:4      | Killed Blork the orc
  2955 | D:4      | Shot with an arrow by a centaur

Illustrated notes

Levels and vault maps discovered:
D:1:      giann_horns, layout_basic, st_stairs_13, minmay_misc_feat_chi
D:2:      layout_rooms, led_sif_pool
D:3:      layout_loops_ring, cheibriados_altar_1,
          nicolae_dithmenos_shadow_blocks, uniq_sigmund
D:4:      layout_loops_corners, minmay_temple_entry_offerings, first_ration,
          minmay_fractal_squares_diagonal_5, uniq_crazy_yiuf_cottage,
          uniq_eustachio, uniq_blork_the_orc

Skill      XL: |  1  2  3  4  5  6 |
---------------+-------------------+-----
Dodging        | 2 |  2.8
Unarmed Combat | 4 5 |  5.3
Fighting       | 2 3 |  3.0
Stealth        | 1 |  1.4
Spellcasting   | 3 |  3.3
Conjurations   | |  0.7
Transmutations | |  2.7
Evocations     | |  0.2

Action                   |  1- 3 |  4- 6 || total
-------------------------+-------+-------++-------
Melee: Unarmed           |   124 |    94 ||   218
       Tailslap          |    13 |     8 ||    21
       Kick              |     9 |    10 ||    19
       Punch             |     3 |     2 ||     5
       Headbutt          |     1 |     1 ||     2
 Cast: Beastly Appendage |    12 |    11 ||    23
Evoke: Wand              |       |     6 ||     6
  Use: Scroll            |     1 |       ||     1
       Potion            |     1 |     2 ||     3
 Stab: Sleeping          |     2 |     1 ||     3
  Eat: Chunk             |     2 |     5 ||     7
Armor: Skin              |    23 |    21 ||    44
Dodge: Dodged            |    77 |    47 ||   124
